 Dungeon Crawl Stone Soup version 0.29.1-12-g30fa7ad0bf (webtiles) character file.

Game seed: 16858846041330897341

192 cdecastro the Poker (level 5, -5/42 HPs)
             Began as a Demonspawn Gladiator on Jan 15, 2023.
             Killed from afar by Grinder (11 damage)
             ... with a puff of flame
             ... on level 3 of the Dungeon.
             The game lasted 00:06:00 (3616 turns).

cdecastro the Poker (Demonspawn Gladiator)          Turns: 3616, Time: 00:06:00

Health: -5/42      AC: 11    Str: 14    XL:     5   Next: 42%
Magic:  5/5        EV: 11    Int: 11    God:
Gold:   112        SH:  0    Dex: 15    Spells: 4/4 levels left

rFire   . . .      SeeInvis .   v - +2 war axe (freeze)
rCold   . . .      Faith    .   (no shield)
rNeg    . . .      Spirit   .   g - +0 ring mail
rPois   .          Reflect  .   (helmet restricted)
rElec   .          Harm     .   (no cloak)
rCorr   .          Rampage  .   (no gloves)
Will    .....                   (no boots)
Stlth   +.........              (no amulet)
HPRegen 0.14/turn               (no ring)
MPRegen 0.09/turn               (no ring)

@: sanguine armoured
A: antennae 1, demonic guardian 1, powered by pain 1, sanguine armour 1
a: no special abilities


You were on level 3 of the Dungeon.
You visited 1 branch of the dungeon, and saw 4 of its levels.

You collected 112 gold pieces.

Inventory:

Hand Weapons
 a - a +0 trident
 u - a +0 dagger of venom
 v - a +2 war axe of freezing (weapon)
Missiles
 d - 3 throwing nets (quivered)
 e - a javelin
 y - 5 poisoned darts
Armour
 b - a +0 leather armour
 c - a +0 helmet
 g - a +0 ring mail (worn)
 x - a +0 leather armour of fire resistance
Scrolls
 h - a scroll of magic mapping {unknown}
 j - a scroll of vulnerability {unknown}
 k - a scroll of poison {unknown}
 n - 2 scrolls of identify {unknown}
 o - a scroll of teleportation {unknown}
 q - 2 scrolls of enchant weapon {unknown}
 s - a scroll of fog {unknown}
 t - a scroll of fear {unknown}
 w - 2 scrolls of blinking {unknown}
Potions
 f - a potion of ambrosia {unknown}
 i - a potion of curing {unknown}
 l - a potion of degeneration {unknown}
 m - a potion of berserk rage {unknown}
 p - a potion of cancellation {unknown}
 r - 3 potions of resistance {unknown}
 z - a potion of mutation {unknown}


   Skills:
 - Level 4.0 Fighting
 + Level 1.2(3.0) Axes
 - Level 4.2(4.4) Polearms
 - Level 1.7 Throwing
 - Level 2.6 Dodging


You had 4 spell levels left.
You didn't know any spells.
Your spell library contained the following spells:

 Spells                   Type           Power      Damage    Failure   Level
 Necrotise                Necr           0%         1d4       58%         1
 Blink                    Tloc           0%         N/A       73%         2
 Lesser Beckoning         Tloc           0%         N/A       91%         3
 Vampiric Draining        Necr           0%         2d6       91%         3
 Agony                    Necr           0%         N/A       100%        5
 Manifold Assault         Tloc           0%         N/A       100%        5


Dungeon Overview and Level Annotations

Branches:
Dungeon (4/15)
 Temple: D:4-7

Altars:

Annotations:
D:3 Grinder


Innate Abilities, Weirdness & Mutations

You have a pair of small antennae on your head.
A weak demonic guardian rushes to your aid.
You sometimes gain a little power by taking damage.
When seriously injured, your blood forms armour. (AC +6)


Message History

Level annotation: Grinder Grinder says, "Are you a fish?"
There is a stone staircase leading up here.
Unknown command.
Grinder says, "DUCK!"
Grinder hits you.
You writhe in agony.
You climb upwards.
There is a stone staircase leading down, spattered with blood here.
Unknown command.
You slash Grinder! You freeze Grinder.
Grinder is heavily wounded.
Grinder hits you.
You writhe in agony.
You hit Grinder but do no damage.
Grinder is heavily wounded.
Grinder gestures at you. Pain shoots through your body!
* * * LOW HITPOINT WARNING * * *
Your blood congeals into armour.
You hit Grinder. Your punch misses Grinder.
Grinder is heavily wounded.
Grinder completely misses you.
Grinder zaps a wand.
The puff of flame hits you but does no damage.
You barely miss Grinder.
Grinder is heavily wounded.
Grinder hits you.
* * * LOW HITPOINT WARNING * * *
You writhe in agony.
* * * LOW HITPOINT WARNING * * *
You hit Grinder.
Grinder is heavily wounded.
Grinder completely misses you.
You barely miss Grinder.
Grinder is heavily wounded.
Grinder zaps a wand.
The puff of flame hits you!
* * * LOW HITPOINT WARNING * * *
A demonic guardian appears!
Grinder closely misses you.
You barely miss Grinder.
Grinder is heavily wounded.
Grinder zaps a wand.
The puff of flame hits you!
You die...

#..........# #8...8#
#......###.# ##...##
#......###.# #...# #
######..........# ##...##
###....#......##..######8...8#
.##.##.#...#..##.......##...##
..#..#.#.###..##5#####......#
..(..#.#........5# ########
.......[.......)@#
..##..<..#...##.[#
.###.)...#..###..#
.......[.#.......#
..###.#....#####.#
..###.##.### #.# ###......##
#.# #...##..## #.#
#...##รท..## #.#


You could see Grinder (ally target) and a friendly white imp (summoned).

Vanquished Creatures
  2 orc priests (D:3)
  A jelly (D:2)
  3 adders
  A worm (D:2)
  A dart slug (D:3)
  7 orcs
  3 ball pythons
  6 bats
  4 endoplasms
  3 giant cockroaches
  6 goblins
  6 hobgoblins
  3 jackals (D:1)
  7 kobolds
  A quokka (D:1)
  2 frilled lizards (D:2)
  3 rats
  A spectral kobold (D:3)
60 creatures vanquished.

Notes
Turn   | Place    | Note
-------+----------+-------------------------------------------
     0 | D:1      | cdecastro the Demonspawn Gladiator began the quest for the
                  | Orb.
     0 | D:1      | Reached XP level 1. HP: 16/16 MP: 1/1
   198 | D:1      | Gained mutation: You sometimes gain a little power by
                  | taking damage. [demonic ancestry]
   198 | D:1      | Reached XP level 2. HP: 15/22 MP: 2/2
  1052 | D:2      | Gained mutation: When seriously injured, your blood forms
                  | armour. (AC +6) [demonic ancestry]
  1052 | D:2      | Reached XP level 3. HP: 16/27 MP: 3/3
  1917 | D:2      | Gained mutation: You have a pair of small antennae on your
                  | head. [demonic ancestry]
  1917 | D:2      | Reached XP level 4. HP: 28/34 MP: 4/4
  2210 | D:2      | HP: 1/35 [orc/+0 flail (5)]
  2666 | D:3      | Found a faded altar of an unknown god.
  2685 | D:3      | Gained mutation: A weak demonic guardian rushes to your
                  | aid. [demonic ancestry]
  2685 | D:3      | Reached XP level 5. HP: 42/42 MP: 5/5
  2917 | D:4      | Noticed Grinder
  2924 | D:4      | Paralysed by Grinder for 4 turns
  2932 | D:4      | Paralysed by Grinder for 4 turns
  3226 | D:3      | Reached skill level 1 in Axes
  3616 | D:3      | Killed from afar by Grinder

Illustrated notes

Levels and vault maps discovered:
D:1:      lemuel_arrival_cross, layout_basic, minmay_tromino_v7
D:2:      layout_loops_ring
D:3:      layout_basic, serial_corexii_hall, chequers_hall_statues_y,
          corexii_hall_statues_l, dreamdust_ecumenical_altar_drowned_temple
D:4:      layout_loops_ring, minmay_temple_entry_waves, nicolae_shop_gadgets,
          uniq_grinder, uniq_sigmund

Skill      XL: |  1  2  3  4  5 |
---------------+----------------+-----
Polearms       | 3 4 |  4.2
Fighting       | 3 4 |  4.0
Axes           | 1 |  1.2
Throwing       | |  1.7
Dodging        | |  2.6

Action                   |  1- 3 |  4- 6 || total
-------------------------+-------+-------++-------
Melee: Trident           |   126 |    11 ||   137
       Punch             |     1 |     2 ||     3
       War axe           |       |    64 ||    64
Armor: Ring mail         |    44 |    24 ||    68
       Leather armour    |     6 |       ||     6
Dodge: Dodged            |    64 |    37 ||   101
